cohdb
Replays
Latest Replays
All Replays
Popular Replays
Top Player Replays
Match Explorer
How It Works
Community
CoH3 Stats
Reddit
Sign in to upload your games and track your stats! →
Sign in with Steam
Match 38294302
Unlisted
Match 38294302
Overview
Messages
Build Orders
End
Construct Barracks
Scout Squad
Riflemen Squad
Riflemen Squad
M1 Mortar Team
Construct Medical Station
Infantry Support Center
Selects Advanced Infantry Battlegroup
Selects Convert to Ranger Squad
Convert to Ranger Squad
Advanced Logistics
Riflemen Squad
Convert to Ranger Squad
Survival Training
Selects Frontline Medical Station
Munitions Surplus
Convert to Ranger Squad
Grenade Package
Riflemen Squad
Construct Tank Depot
Selects Ranger Weapon Training
M18 Hellcat Tank Destroyer
Selects Ammunition Storage
Selects Artillery Observers
Ranger Squad
M18 Hellcat Tank Destroyer
Engineer Squad
M18 Hellcat Tank Destroyer
Selects M2A1 105mm Howitzer Emplacement
Selects Free Fire Drills
Riflemen Squad
Convert to Ranger Squad
M18 Hellcat Tank Destroyer
Ranger Squad
Microsoft Outlook
deadsadbadmad
RYZEN
Penaet
0
0
Comments
sign in to comment!
No comments posted yet!